AoeStats
← Baytar

Black Forest

506732877Analyzed
1v1 RM · 17d ago on Sep 14, 2026· 45m 10s· 2 players
Game mode
Random Map
Map size
Tiny (2 player)
Population
200
Speed
Normal
Resources
Standard
Victory
Conquest
Starting age
Dark Age
Ending age
Imperial Age
RankedLock teamsTeams togetherTeam positionsShared explorationLock speedFull tech treeHidden civsTurbo modeCheats
Victory
Defeat
🇺🇸 Khmer · United States
766
+17
🇹🇷 Vietnamese · Türkiye
793
-27
Mackenzie.Tittle
1:56 Loom
13:07 Feudal Age
13:57 Double-Bit Axe
17:28 Castle Age
15:48 Horse Collar
16:13 Gold Mining
16:40 Stone Mining
21:04 Bow Saw
20:57 Heavy Plow
22:46 Gold Shaft Mining
22:50 Stone Shaft Mining
22:49 Bloodlines
22:39 Husbandry
25:26 Scale Barding Armor
25:35 Fletching
26:17 Forging
29:09 Wheelbarrow
29:39 Chain Barding Armor
33:37 Imperial Age
32:13 Hand Cart
34:40 Iron Casting
34:01 Bodkin Arrow
36:51 Elite Ballista Elephant
37:33 Double Crossbow
38:11 Plate Barding Armor
39:32 Conscription
39:49 Hoardings
39:17 Bracer
40:18 Blast Furnace
40:48 Murder Holes
41:54 Chemistry
41:15 Ballistics
41:01 Siege Engineers
41:09 Masonry
Baytar
11:09 Feudal Age
11:33 Horse Collar
11:50 Double-Bit Axe
13:12 Wheelbarrow
19:59 Padded Archer Armor
19:50 Fletching
21:19 Padded Archer Armor
21:10 Fletching
21:26 Scale Barding Armor
26:35 Castle Age
27:49 Gold Mining
27:49 Stone Mining
28:12 Bow Saw
28:03 Heavy Plow
28:22 Hand Cart
27:53 Town Watch
27:41 Crossbowman
27:41 Elite Skirmisher
29:09 Stone Shaft Mining
30:07 Leather Archer Armor
31:49 Thumb Ring
32:28 Bodkin Arrow
32:57 Chain Barding Armor
38:33 Forging
38:37 Scale Mail Armor
38:49 Forging
39:00 Forging
42:22 Imperial Age
41:28 Ballistics
40:49 Man-at-Arms
40:50 Pikeman
41:31 Squires
41:17 Arson
44:10 Chemistry
Connection lost

Rejoining the realm…

Still unreachable

The connection could not be restored.

Session expired

The server has moved on; the page needs a fresh start.